 Dungeon Crawl Stone Soup version 0.27-a0-1384-g1422d76b99 (webtiles) character file.

Game seed: 8064822228011841176

493 DemonSlayer the Slasher (level 7, -1/54 HPs)
             Began as a Human Berserker on June 30, 2021.
             Was a Priest of Trog.
             Slain by a gnoll (11 damage)
             ... on level 4 of the Dungeon.
             The game lasted 00:15:14 (7432 turns).

DemonSlayer the Slasher (Human Berserker)           Turns: 7432, Time: 00:15:15

Health: -1/54      AC: 10    Str: 16 (18) XL:     7   Next: 37%
Magic:  7/7        EV:  7    Int:  6 (9)  God:    Trog [***...]
Gold:   124        SH:  0    Dex:  9 (12) Spells: 6/6 levels left

rFire    . . .     SeeInvis .   o - +0 morningstar
rCold    . . .     Faith    .   (no shield)
rNeg     . . .     Spirit   .   g - +0 chain mail
rPois    .         Reflect  .   (no helmet)
rElec    .         Harm     .   d - +0 cloak
rCorr    .         Rampage  .   (no gloves)
Will     .....                  (no boots)
Stlth    ..........             (no amulet)
HPRegen  0.18/turn              (no ring)
MPRegen  0.10/turn              (no ring)

@: lit by a corona, on berserk cooldown, attractive, glowing
A: no striking features
a: Renounce Religion, Berserk, Trog's Hand


You were on level 4 of the Dungeon.
You worshipped Trog.
Trog was most pleased with you.
You visited 1 branch of the dungeon, and saw 5 of its levels.

You collected 124 gold pieces.

Inventory:

Hand Weapons
 a - a +1 falchion
 o - a +0 morningstar (weapon)
 t - a +0 shortbow
Missiles
 e - 50 arrows
 f - 70 bolts
 n - a throwing net
 v - 8 atropa-tipped darts
Armour
 b - a +1 animal skin
 d - a +0 cloak (worn)
 g - a +0 chain mail (worn)
Wands
 i - a wand of mindburst (2)
 l - a wand of polymorph (7)
 q - a wand of acid (7)
Scrolls
 h - 2 scrolls of magic mapping
Potions
 c - a potion of brilliance
 j - 2 potions of curing
 m - a potion of degeneration
 p - a potion of cancellation
 w - a potion of berserk rage {unknown}


   Skills:
 + Level 4.1 Fighting
 + Level 4.9 Long Blades
 + Level 3.0 Maces & Flails
 + Level 3.3 Armour
 + Level 3.0 Dodging
 + Level 2.0 Stealth


You had 6 spell levels left.
You didn't know any spells.
Your spell library contained the following spells:

 Spells                   Type           Power      Damage    Failure   Level
 Sandblast                Erth           0%         2d4       100%        1
 Passwall                 Tmut/Erth      0%         N/A       100%        2
 Stone Arrow              Conj/Erth      0%         3d7       100%        3
 Petrify                  Tmut/Erth      0%         N/A       100%        4
 Lee's Rapid Deconstruct  Erth           0%         3d5*      100%        5


Dungeon Overview and Level Annotations

Branches:
Dungeon (5/15)
 Temple: D:4-7

Altars:
Gozag
Vehumet

Shops:
D:2 =


Message History

There was something very wrong with that liquid.
You feel weakened.
You feel dopey.
You feel clumsy. The gnoll barely misses you. The gnoll closely misses you.
The gnoll shaman hits you with a +0 whip!
* * * LOW HITPOINT WARNING * * *
The gnoll hits you but does no damage. The gnoll barely misses you.
The gnoll shaman calls down the wrath of its god upon you.
You are outlined in light.
It was a potion of heal wounds.
You feel much better. The gnoll barely misses you.
The gnoll hits you from afar with a +0 halberd!
The gnoll shaman calls upon its god to speed up the gnoll.
The gnoll seems to speed up.
It was a potion of cancellation.
Your magical effects are unravelling.
You feel magically purged.
You feel yourself speed up.
You are no longer glowing.
The gnoll hits you but does no damage. The gnoll hits you with a +0 flail.
* * * LOW HITPOINT WARNING * * *
The gnoll shaman mumbles some strange prayers to its god against you.
You are outlined in light.
The gnoll barely misses you. The gnoll hits you with a +0 flail.
* * * LOW HITPOINT WARNING * * *
The gnoll shaman hits you but does no damage.
It was a potion of attraction.
You feel attractive to monsters.
The gnoll hits you from afar with a +0 halberd.
* * * LOW HITPOINT WARNING * * *
The gnoll hits you with a +0 flail.
* * * LOW HITPOINT WARNING * * *
The gnoll hits you but does no damage. The gnoll shaman barely misses you.
The gnoll is pulled toward you!
Okay, then.
The gnoll hits you but does no damage.
The gnoll shaman hits you but does no damage.
Things that are here:
a +0 club; a +0 spear The gnoll completely misses you.
The gnoll hits you from afar with a +0 halberd!
You die...

#...............#.......
#...............#.......
#...##..........#.......
######...########.......
######.........#####
#..............#...#
#.)............#...#
#..............#...#
#..@...........#.###
#..gg.#######'##.###
#...g.# #.....#..
#.....# #.....'..
#.....# #.....#..
#.....# #.....#..
#.....# ########.
#..>..# #......#.
#.....# #......#.


You could see a gnoll shaman and 2 gnolls.

Vanquished Creatures
  A centaur (D:5)
  A phantom (D:4)
  A centaur zombie (D:5)
  A jelly (D:4)
  A hound (D:3)
  An iguana (D:4)
  9 gnolls
  5 adders
  A shadow imp (D:3)
  An adder skeleton (D:4)
  3 worms
  3 dart slugs
  3 orcs (D:3)
  7 ball pythons
  2 bats
  6 endoplasms
  A giant cockroach (D:4)
  6 goblins
  7 hobgoblins
  2 jackals (D:4)
  2 quokkas
  4 frilled lizards
  11 kobolds
  5 rats
84 creatures vanquished.

Notes
Turn   | Place    | Note
-------+----------+-------------------------------------------
     0 | D:1      | DemonSlayer the Human Berserker began the quest for the
                  | Orb.
     0 | D:1      | Reached XP level 1. HP: 18/18 MP: 1/1
   186 | D:1      | Reached XP level 2. HP: 19/24 MP: 2/2
   516 | D:1      | Found a faded altar of an unknown god.
  2105 | D:2      | Reached XP level 3. HP: 29/29 MP: 3/3
  2281 | D:2      | Reached XP level 4. HP: 17/35 MP: 4/4
  2722 | D:2      | Reached ** piety under Trog
  3162 | D:2      | Found Veori's Jewellery Emporium.
  3780 | D:3      | Reached XP level 5. HP: 41/41 MP: 5/5
  3892 | D:3      | Reached skill level 1 in Stealth
  4369 | D:3      | Found an opulent altar of Gozag.
  5052 | D:4      | Found a radiant altar of Vehumet.
  5129 | D:4      | Reached XP level 6. HP: 41/48 MP: 6/6
  6086 | D:4      | Reached skill level 1 in Maces & Flails
  6760 | D:5      | Entered Level 5 of the Dungeon
  6775 | D:5      | Reached *** piety under Trog
  6776 | D:5      | Reached XP level 7. HP: 36/54 MP: 7/7
  7432 | D:4      | Slain by a gnoll

Illustrated notes

Levels and vault maps discovered:
D:1:      dpeg_arrival_round_b, layout_loops_ring,
          shapermc_ecumenical_altar_venn, minmay_misc_feat_five,
          chequers_decorated_corner
D:2:      layout_loops_corners, serial_shops, shop, serial_glass,
          glass_columns_b, glass_columns_a, glass_columns_b, glass_columns_b,
          glass_columns_a, glass_columns_c, glass_columns_b, glass_columns_c,
          glass_columns_c, glass_columns_b, glass_columns_b, glass_columns_a,
          glass_columns_a, glass_columns_b, serial_bayou_pond_a
D:3:      layout_rooms, nicolae_gozag_seed_capital
D:4:      layout_gridville, old_standard_altar
D:5:      cheibrodos_iron_armory, layout_basic

Skill      XL: |  1  2  3  4  5  6  7 |
---------------+----------------------+-----
Long Blades    | 4 |  4.9
Stealth        | 1 2 |  2.0
Maces & Flails | 2 3 |  3.0
Armour         | 3 |  3.3
Fighting       | 4 |  4.1
Dodging        | 3 |  3.0

Action                   |  1- 3 |  4- 6 |  7- 9 || total
-------------------------+-------+-------+-------++-------
Melee: Falchion          |    64 |    72 |       ||   136
       Morningstar       |       |    92 |    27 ||   119
Invok: Berserk           |     4 |     7 |     1 ||    12
  Use: Scroll            |     6 |     2 |     1 ||     9
       Potion            |       |       |     5 ||     5
 Stab: Sleeping          |     1 |       |       ||     1
       Invisible         |       |       |     1 ||     1
Armor: Animal skin       |    11 |     3 |       ||    14
       Chain mail        |       |   115 |    32 ||   147
Dodge: Dodged            |    44 |    93 |    33 ||   170
       Rpst.: Falchion   |    15 |     6 |       ||    21

Table legend: (Time is in decaauts)
 A = Elapsed time spent in this place.
 B = Non-inter-level travel time spent in this place.
 C = Inter-level travel time spent in this place.
 D = Time resting spent in this place.
 E = Time spent auto-exploring this place.
 F = Levels seen in this place.
 G = Mean time per level.
                   A        B        C        D        E       F      G
               +--------+--------+--------+--------+--------+-----+--------+
         Total |   7589 |   7351 |    238 |   3818 |   2375 |   5 | 1517.8 |
       Dungeon |   7589 |   7351 |    238 |   3818 |   2375 |   5 | 1517.8 |
               +--------+--------+--------+--------+--------+-----+--------+

Top non-repeatable levels by time:
     D:1: 2130 daAuts
     D:4: 1922 daAuts
     D:2: 1525 daAuts
     D:3: 1363 daAuts
     D:5: 646 daAuts
